 Dungeon Crawl Stone Soup version 0.28.0-62-gf88900778d (webtiles) character file.

Game seed: 15502455515452940354

107 cbfl8 the Chopper (level 4, -3/41 HPs)
             Began as a Minotaur Monk on Sept 13, 2023.
             Slain by Sigmund
             ... wielding a +0 scythe
              (5 damage)
             ... on level 4 of the Dungeon.
             The game lasted 00:03:34 (3696 turns).

cbfl8 the Chopper (Minotaur Monk)                   Turns: 3696, Time: 00:03:35

Health: -3/41      AC:  7    Str: 15    XL:     4   Next: 56%
Magic:  3/3        EV: 10    Int:  7    God:
Gold:   102        SH:  0    Dex: 15    Spells: 3/3 levels left

rFire   . . .      SeeInvis .   p - +0 battleaxe
rCold   . . .      Faith    .   (shield currently unavailable)
rNeg    . . .      Spirit   .   d - +0 scale mail
rPois   .          Reflect  .   (helmet restricted)
rElec   .          Harm     .   (no cloak)
rCorr   .          Rampage  .   c - +0 pair of gloves
Will    .....                   (no boots)
Stlth   ..........              (no amulet)
HPRegen 0.13/turn               (no ring)
MPRegen 0.08/turn               (no ring)

@: confused
A: horns 2, retaliatory headbutt
a: no special abilities


You were on level 4 of the Dungeon.
You visited 1 branch of the dungeon, and saw 4 of its levels.

You collected 102 gold pieces.

Inventory:

Hand Weapons
 p - a +0 battleaxe (weapon)
Armour
 c - a +0 pair of gloves (worn)
 d - a +0 scale mail (worn)
Scrolls
 b - a scroll of brand weapon {unknown}
 e - a scroll of fear
 g - 2 scrolls of noise {unknown}
 j - 2 scrolls of fog {unknown}
 l - a scroll of enchant weapon {unknown}
 n - a scroll of identify {unknown}
 o - 2 scrolls of teleportation {unknown}
Potions
 f - a potion of might {unknown}
 h - 2 potions of brilliance
 k - a potion of haste {unknown}
 m - a potion of degeneration {unknown}


   Skills:
 + Level 4.5 Fighting
 + Level 5.2 Axes
 + Level 1.1 Armour
 - Level 3.2 Dodging
 - Level 1.5 Stealth
 * Level 1.3 Evocations


You had 3 spell levels left.
You didn't know any spells.
Your spell library contained the following spells:

 Spells                   Type           Power      Damage    Failure   Level
 Beastly Appendage        Tmut           0%         N/A       88%         1
 Corpse Rot               Necr/Air       0%         N/A       96%         2
 Ensorcelled Hibernation  Hex/Ice        0%         N/A       96%         2
 Passwall                 Tmut/Erth      0%         N/A       96%         2
 Wereblood                Tmut           0%         N/A       96%         2
 Gell's Gravitas          Tloc           0%         N/A       99%         3
 Lesser Beckoning         Tloc           0%         N/A       99%         3
 Spider Form              Tmut/Pois      0%         N/A       99%         3
 Swiftness                Air            0%         N/A       99%         3
 Teleport Other           Tloc           0%         N/A       99%         3
 Death Channel            Necr           0%         N/A       100%        6
 Simulacrum               Ice/Necr       0%         N/A       100%        6


Dungeon Overview and Level Annotations

Branches:
Dungeon (4/15)             Temple (0/1) D:4

Altars:
Wu Jian

Annotations:
D:4 Eustachio, Sigmund


Innate Abilities, Weirdness & Mutations

You have a pair of horns on your head.
You reflexively headbutt those who attack you in melee.


Message History

You are too confused!
You are too confused!
Sigmund barely misses you.
Sigmund hits you from afar with a +0 scythe.
You feel less confused. Sigmund gestures at you while chanting.
The puff of flame hits you. Sigmund completely misses you.
You closely miss Sigmund. Sigmund hits you with a +0 scythe.
You slice Sigmund!!
Sigmund is severely wounded.
You barely miss Sigmund.
Sigmund is severely wounded.
Sigmund barely misses you.
You closely miss Sigmund.
Sigmund is severely wounded.
Sigmund screams, "Die, monster!"
Sigmund closely misses you.
You slash Sigmund! Your headbutt misses Sigmund.
Sigmund is almost dead.
Sigmund hits you with a +0 scythe.
You completely miss Sigmund. Your headbutt misses Sigmund.
Sigmund is almost dead.
Sigmund gestures wildly while chanting.
Sigmund flickers and vanishes!
Deactivating autopickup; reactivate with Ctrl-A.
Something hits you!
You miss something. Something hits you.
* * * LOW HITPOINT WARNING * * *
You closely miss something. Your headbutt misses something.
You hear some strange, mumbled words.
A puff of flame appears from out of thin air!
The puff of flame misses you.
You hit something.
You hear some strange, mumbled words.
You are confused.
Something hits you!
* * * LOW HITPOINT WARNING * * *
Something hits you.
You die...

....# ## #....# #######. #....#
##....... #...## ###........
#....# ###.#........
#....###...... #....
#.{.........###...#
#...>.......##..##
#@..............#
#..............##
#..............# ####
##.............##
##..###########..............#
...........(...)..........)..#
.............................##
.....########.................##
###### #.###..............#


There were no monsters in sight!

Vanquished Creatures
  A hound (D:4)
  An adder (D:3)
  A worm (D:3)
  A dart slug (D:2)
  An orc (D:4)
  An endoplasm (D:1)
  2 giant cockroaches
  6 goblins
  11 hobgoblins
  4 jackals (D:3)
  7 kobolds
  2 quokkas
  3 ball pythons
  7 bats
  7 frilled lizards
  6 rats
61 creatures vanquished.

Notes
Turn   | Place    | Note
-------+----------+-------------------------------------------
     0 | D:1      | cbfl8 the Minotaur Monk began the quest for the Orb.
     0 | D:1      | Reached XP level 1. HP: 19/19 MP: 0/0
   152 | D:1      | Found a faded altar of an unknown god.
   591 | D:1      | Reached XP level 2. HP: 27/27 MP: 1/1
   618 | D:1      | Reached skill level 4 in Axes
  1075 | D:1      | Reached skill level 1 in Evocations
  1334 | D:2      | Got Kikubaaqudgha's Disquisition on Evil Rituals
  1435 | D:2      | Reached XP level 3. HP: 33/33 MP: 2/2
  2001 | D:3      | Found an ornate altar of the Wu Jian Council.
  3094 | D:4      | Reached skill level 5 in Axes
  3094 | D:4      | Reached skill level 1 in Armour
  3094 | D:4      | Reached XP level 4. HP: 28/41 MP: 3/3
  3212 | D:4      | Noticed Eustachio
  3646 | D:4      | Found a staircase to the Ecumenical Temple.
  3677 | D:4      | Noticed Sigmund
  3695 | D:4      | HP: 2/41 [something (10)]
  3696 | D:4      | Slain by Sigmund

Illustrated notes

Levels and vault maps discovered:
D:1:      psy_arrival_basics, layout_loops_ring,
          chequers_ecumenical_altar_island
D:2:      layout_loops_ring, grunt_decor_mini_mirrors
D:3:      layout_loops_ring, nicolae_wu_jian_wuxing_cycle
D:4:      layout_layer_cave, temple_statues, uniq_eustachio, uniq_sigmund

Skill      XL: |  1  2  3 |
---------------+----------+-----
Axes           | 4 5 |  5.2
Fighting       | 4 |  4.5
Evocations     | 1 |  1.3
Armour         | 1 |  1.1
Dodging        | |  3.2
Stealth        | |  1.5

Action                   |  1- 3 |  4- 6 || total
-------------------------+-------+-------++-------
Melee: Hand axe          |   137 |       ||   137
       Headbutt          |    19 |     1 ||    20
       Battleaxe         |       |    14 ||    14
  Use: Scroll            |     1 |     1 ||     2
       Potion            |       |     2 ||     2
 Stab: Sleeping          |     3 |       ||     3
Armor: Robe              |    10 |       ||    10
       Scale mail        |    33 |     3 ||    36
Dodge: Dodged            |    73 |    12 ||    85
